 Dungeon Crawl Stone Soup version 0.29.0-10-g45618ea6d2 (webtiles) character file.

Game seed: 15605542217205884929

4102 xian the Skirmisher (level 10, -10/51 HPs)
             Began as a Spriggan Hunter on Sept 1, 2022.
             Was a Believer of Fedhas.
             Mangled by an orc warrior
             ... wielding a +0 trident
              (21 damage)
             ... on level 9 of the Dungeon.
             The game lasted 00:22:36 (8520 turns).

xian the Skirmisher (Spriggan Hunter)               Turns: 8520, Time: 00:22:37

Health: -10/51     AC:  5    Str: 18    XL:     10   Next: 6%
Magic:  21/21      EV: 19    Int: 12    God:    Fedhas [**....]
Gold:   285        SH:  0    Dex: 20    Spells: 22/22 levels left

rFire   . . .      SeeInvis +   k - +3 quarterstaff "Cuaxixt" {freeze, Fly rElec rC- Str+5}
rCold   . . .      Faith    .   (shield currently unavailable)
rNeg    . . .      Spirit   .   r - +1 troll leather armour of the Forgotten Priests {rC+ Regen+ Str+4}
rPois   .          Reflect  .   (helmet restricted)
rElec   +          Harm     +   u - scarf {harm}
rCorr   .          Rampage  .   (gloves unavailable)
Will    +....                   (boots unavailable)
Stlth   ++........              x - amulet of the acrobat
HPRegen 0.97/turn               (no ring)
MPRegen 0.17/turn               (no ring)

@: lethally poisoned (-10 -> -11), flying, very quick
A: very small, no large weapons, unfitting armour, see invisible, speed 3
a: Renounce Religion, Wall of Briars


You were on level 9 of the Dungeon.
You worshipped Fedhas.
Fedhas was pleased with you.
You visited 2 branches of the dungeon, and saw 10 of its levels.

You collected 402 gold pieces.
You spent 117 gold pieces at shops.

Inventory:

Hand Weapons
 a - a +0 shortbow
 k - the +3 quarterstaff "Cuaxixt" (weapon) {freeze, Fly rElec rC- Str+5}
   (You found it on level 2 of the Dungeon)

   It freezes those it strikes, dealing additional cold damage.
   It can also slow down cold-blooded creatures.
   Str:       It affects your strength (+5).
   rC:        It makes you vulnerable to cold.
   rElec:     It insulates you from electricity.
   Fly:       It grants you flight.
Missiles
 C - 3 throwing nets
Armour
 r - the +1 troll leather armour of the Forgotten Priests (worn) {rC+ Regen+ Str+4}
   (You acquired it on level 4 of the Dungeon)

   Str:       It affects your strength (+4).
   rC:        It protects you from cold.
   Regen:     It increases your rate of health regeneration.
 u - a scarf of harm (worn)
Magical Staves
 s - a staff of earth
Jewellery
 x - an amulet of the acrobat (around neck)
Wands
 c - a wand of polymorph (19)
 q - a wand of acid (13)
Scrolls
 b - a scroll of immolation
 f - 2 scrolls of blinking {unknown}
 g - 2 scrolls of enchant armour {unknown}
 h - a scroll of fog {unknown}
 i - 6 scrolls of teleportation
 j - 3 scrolls of vulnerability {unknown}
 l - 3 scrolls of fear
 m - 3 scrolls of noise {unknown}
 p - 2 scrolls of amnesia {unknown}
 v - a scroll of poison {unknown}
 w - a scroll of torment {unknown}
 B - a scroll of magic mapping {unknown}
 D - a scroll of summoning
Potions
 d - a potion of haste
 e - 2 potions of flight
 n - 3 potions of mutation
 o - 5 potions of brilliance
 t - 2 potions of might
 z - a potion of curing
 A - 3 potions of heal wounds


   Skills:
 + Level 4.5 Fighting
 + Level 0.7 Staves
 + Level 10.6 Ranged Weapons
 + Level 2.0 Armour
 + Level 4.9 Dodging
 + Level 3.0 Stealth
 * Level 6.9 Spellcasting
 * Level 7.1 Evocations


You had 22 spell levels left.
You didn't know any spells.
Your spell library contained the following spells:

 Spells                   Type           Power      Damage    Failure   Level
 Freeze                   Ice            16%        1d4       21%         1
 Sandblast                Erth           8%         2d5       21%         1
 Passwall                 Tmut/Erth      3%         N/A       30%         2
 Dazzling Flash           Conj/Hex       8%         N/A       52%         3
 Frozen Ramparts          Ice            8%         1d2       52%         3
 Stone Arrow              Conj/Erth      8%         3d7       52%         3
 Hailstorm                Conj/Ice       4%         3d4       89%         4
 Agony                    Necr           4%         N/A       99%         5
 Silence                  Hex/Air        2%         N/A       99%         5


Dungeon Overview and Level Annotations

Branches:
Dungeon (9/15)             Temple (1/1) D:6
   Lair: D:8-11         Orc: D:9-12

Altars:
Ashenzari
Cheibriados
Dithmenos
Elyvilon
Fedhas
Gozag
Hepliaklqana
Kikubaaqudgha
Makhleb
Nemelex Xobeh
Okawaru
Qazlal
Ru
Sif Muna
Trog
Uskayaw
Vehumet
Wu Jian
Xom
Yredelemnul
Zin
The Shining One

Shops:
D:4 *   D:5 :

Annotations:
D:8 2 transporters, Woods's ghost, novice GrFi


Innate Abilities, Weirdness & Mutations

You are very small and have problems with some larger weapons.
You are too small for most types of armour.
You have supernaturally acute eyesight. (SInv)
You cover ground extremely quickly. (Speed+++)


Message History

The killer bee poisons you! The killer bee closely misses you. x2
The killer bee completely misses you.
You feel stronger.
You fly up into the air.
The +3 quarterstaff "Cuaxixt" {freeze, Fly rElec rC- Str+5} glows with a cold blue light!
k - the +3 quarterstaff "Cuaxixt" (weapon)
{freeze, Fly rElec rC- Str+5} You feel sick.
The killer bee barely misses you. The killer bee completely misses you.
You miss the killer bee.
The killer bee is almost dead.
You feel sick. The killer bee completely misses you.
The killer bee closely misses you. The killer bee completely misses you.
The killer bee misses you.
Unknown command.
You closely miss the killer bee.
The killer bee is almost dead.
You feel sick. The killer bee barely misses you.
The killer bee closely misses you. The killer bee stings you!
The killer bee misses you.
An orc warrior comes into view. It is wielding a +0 trident.
The killer bee barely misses you. x2
You hit the killer bee. You freeze the killer bee.
You kill the killer bee!
Fedhas appreciates your contribution to the ecosystem.
You feel sick. The killer bee closely misses you.
The orc warrior hits you from afar with a +0 trident!
The killer bee misses you.
You sock the orc! You freeze the orc.
You kill the orc!
Fedhas appreciates your contribution to the ecosystem.
You feel sick. The killer bee closely misses you. x2
The orc warrior barely misses you. The killer bee barely misses you.
The orc warrior hits you from afar with a +0 trident.
* * * LOW HITPOINT WARNING * * *
You completely miss the killer bee.
You feel sick. The killer bee barely misses you.
The killer bee closely misses you.
An orc comes into view. It is wielding a +2 dagger of pain.
The orc warrior hits you from afar with a +0 trident!!
You die...
Fedhas appreciates your contribution to the ecosystem.

...## ... ...# ....
...##.... ....o...
...... #.o. # ###)#
#..# #. #.##.y@#
.#..###. #....###
...... #....#.##
#..#.#
.....###..###
#....## ..##
##...## #...>. .
###..###...#
##....).)..#
..####..#.####..###
..........####...<#


You could see an orc warrior, a killer bee and an orc.

Vanquished Creatures
  4 yaks
  A wyvern (D:8)
  5 water moccasins
  2 orc warriors (D:8)
  An ice beast (D:6)
  A black bear (D:6)
  3 ogres
  4 centaurs
  A kobold brigand (D:8)
  3 scorpions
  4 bullfrogs
  A necrophage (D:5)
  A gnoll sergeant (D:6)
  6 killer bees
  7 hounds
  2 gnoll boudas (D:7)
  4 orc priests
  2 jellies
  4 orc wizards
  3 iguanas
  Robin (D:3)
  17 gnolls
  5 adders
  2 shadow imps
  2 white imps (D:6)
  2 ufetubi
  A worm (D:2)
  5 dart slugs
  23 orcs
  5 ball pythons
  14 endoplasms
  4 giant cockroaches
  15 goblins
  13 hobgoblins
  5 jackals
  13 kobolds
  4 quokkas
  5 bats
  2 frilled lizards
  4 rats
201 creatures vanquished.

Vanquished Creatures (others)
  23 plants (D:7)
23 creatures vanquished.

Grand Total: 224 creatures vanquished

Notes
Turn   | Place    | Note
-------+----------+-------------------------------------------
     0 | D:1      | xian the Spriggan Hunter began the quest for the Orb.
     0 | D:1      | Reached XP level 1. HP: 10/10 MP: 2/2
   145 | D:1      | Reached XP level 2. HP: 14/14 MP: 3/3
   413 | D:1      | Found a faded altar of an unknown god.
   415 | D:1      | Noticed a floating eye
   415 | D:1      | Noticed an eye of devastation
   416 | D:1      | Noticed an eye of devastation
   416 | D:1      | Noticed a golden eye
   460 | D:1      | Prayed at the altar of an unknown god.
   460 | D:1      | Became a worshipper of Sif Muna the Loreminder
   460 | D:1      | Reached * piety under Sif Muna
   478 | D:1      | Reached XP level 3. HP: 18/18 MP: 4/4
   917 | D:2      | Identified the +3 quarterstaff "Cuaxixt" {freeze, Fly rElec
                  | rC- Str+5}
   960 | D:2      | Reached skill level 5 in Ranged Weapons
  1196 | D:2      | Reached ** piety under Sif Muna
  1380 | D:2      | Reached XP level 4. HP: 23/23 MP: 5/5
  2048 | D:3      | Noticed Robin
  2057 | D:3      | Reached skill level 1 in Spellcasting
  2059 | D:3      | HP: 1/21 [Robin/+0 spear (2)]
  2142 | D:3      | Killed Robin
  2449 | D:3      | Reached XP level 5. HP: 25/25 MP: 8/8
  2804 | D:3      | Reached skill level 1 in Evocations
  3246 | D:4      | Reached *** piety under Sif Muna
  3356 | D:4      | Reached skill level 6 in Ranged Weapons
  3378 | D:4      | Reached XP level 6. HP: 25/31 MP: 10/10
  3543 | D:4      | Found Jihizaer's Neck Hole.
  3549 | D:4      | Bought a scarf of harm for 117 gold pieces
  3739 | D:4      | Identified a scroll of acquirement
  3739 | D:4      | Acquired the +1 troll leather armour of the Forgotten
                  | Priests {rC+ Regen+ Str+4}
  3804 | D:5      | Entered Level 5 of the Dungeon
  4126 | D:5      | Reached XP level 7. HP: 35/35 MP: 12/12
  4152 | D:5      | Reached skill level 7 in Ranged Weapons
  4273 | D:5      | Found Yduhov's Book Boutique.
  4761 | D:6      | Reached skill level 8 in Ranged Weapons
  4761 | D:6      | Reached XP level 8. HP: 40/40 MP: 13/15
  5131 | D:6      | Reached **** piety under Sif Muna
  5254 | D:6      | Found a staircase to the Ecumenical Temple.
  5256 | D:6      | Identified the +1 plate armour of the Valley of Death
                  | {Contam rF+ Will+ Str+6}
  5269 | Temple   | Entered the Ecumenical Temple
  5525 | Temple   | Fell from the grace of Sif Muna
  5525 | Temple   | Became a worshipper of Fedhas Madash
  5994 | D:6      | Reached skill level 1 in Armour
  6429 | D:7      | Reached skill level 5 in Evocations
  6483 | D:7      | Identified the +0 kite shield "Kitukos" {Str+3}
  6503 | D:7      | Reached skill level 5 in Spellcasting
  6543 | D:7      | Found a radiant altar of Vehumet.
  6570 | D:7      | Reached * piety under Fedhas
  6575 | D:7      | Reached skill level 9 in Ranged Weapons
  6724 | D:7      | Reached XP level 9. HP: 45/45 MP: 18/18
  7250 | D:8      | Found an iron altar of Okawaru.
  7425 | D:8      | Noticed a queen bee
  7427 | D:8      | Noticed Woods's ghost (novice GrFi)
  7476 | D:8      | Found a transporter.
  7481 | D:8      | Found a transporter.
  7735 | D:8      | Reached ** piety under Fedhas
  7861 | D:8      | Reached skill level 10 in Ranged Weapons
  8475 | D:9      | Reached XP level 10. HP: 51/51 MP: 21/21
  8520 | D:9      | Mangled by an orc warrior

Illustrated notes

Levels and vault maps discovered:
D:1:      mrwooster_arrival_statue_2, layout_basic,
          hellmonk_ecumenical_altar_watching_god
D:2:      layout_basic
D:3:      layout_loops_ring, uniq_robin
D:4:      layout_rooms, nicolae_shop_sticking_my_neck_out
D:5:      layout_basic, serial_shops, nicolae_shop_statue_plus
D:6:      minmay_general_purpose_star, layout_basic,
          minmay_temple_entry_butterflies
D:7:      layout_rooms, mainiacjoe_overflow_alcove_1, nicolae_grassy_gnolls
D:8:      layout_basic, okawaru_altar_gauntlet_db, gammafunk_ghost_hive,
          patterned_corridor
D:9:      layout_rooms, erik_lair_dragon, nicolae_two_hexagons
Temple:   mainiacjoe_temple_big_plus

Skill      XL: |  1  2  3  4  5  6  7  8  9 10 |
---------------+-------------------------------+-----
Ranged Weapons | 5 6 8 9 10 | 10.6
Dodging        | 3 4 |  4.9
Stealth        | 2 3 |  3.0
Fighting       | 2 3 4 |  4.5
Spellcasting   | 1 2 3 4 5 6 |  6.9
Evocations     | 1 2 3 5 7 |  7.1
Armour         | 1 2 |  2.0
Staves         | |  0.7

Action                   |  1- 3 |  4- 6 |  7- 9 | 10-12 || total
-------------------------+-------+-------+-------+-------++-------
Melee: Quarterstaff      |       |    17 |    22 |     5 ||    44
 Fire: Shortbow          |   121 |   197 |   400 |    16 ||   734
  Use: Scroll            |       |     7 |     4 |       ||    11
Armor: Robe              |     7 |     7 |       |       ||    14
       Troll leather arm |       |     5 |    19 |       ||    24
Dodge: Dodged            |    34 |    98 |   197 |    37 ||   366
